 Dungeon Crawl Stone Soup version 0.29.1-12-g30fa7ad0bf (webtiles) character file.

Game seed: 6017658052612840594

6278 LustLizard the Grappler (level 10, -4/100 HPs)
             Began as a Troll Fighter on Dec 24, 2022.
             Was a Believer of Wu Jian.
             Slain by a komodo dragon (shapeshifter) (31 damage)
             ... on level 8 of the Dungeon on Dec 25, 2022.
             The game lasted 00:15:29 (6011 turns).

LustLizard the Grappler (Troll Fighter)             Turns: 6011, Time: 00:15:29

Health: -4/100     AC:  4    Str: 26    XL:     10   Next: 63%
Magic:  9/9        EV:  9    Int:  8    God:    Wu Jian [**....]
Gold:   521        SH: 15    Dex:  9    Spells: 9/9 levels left

rFire   . . .      SeeInvis .     - Unarmed
rCold   + . .      Faith    .   b - +1 kite shield
rNeg    . . .      Spirit   .   a - +0 robe
rPois   +          Reflect  +   (helmet restricted)
rElec   .          Harm     .   (no cloak)
rCorr   .          Rampage  .   (gloves unavailable)
Will    .....                   (boots unavailable)
Stlth   +.........              t - amulet of reflection
HPRegen 1.06/turn               m - ring of protection from cold
MPRegen 0.11/turn               n - ring of poison resistance

@: no status effects
A: large, unfitting armour, claws 3, regeneration 1, shaggy fur 1, tough skin 1
a: Renounce Religion, Wall Jump


You were on level 8 of the Dungeon.
You worshipped Wu Jian.
Wu Jian was pleased with you.
You visited 2 branches of the dungeon, and saw 9 of its levels.
You also visited: Bailey.

You collected 521 gold pieces.

Inventory:

Armour
 a - a +0 robe (worn)
 b - a +1 kite shield (worn)
Jewellery
 m - a ring of protection from cold (left claw)
 n - a ring of poison resistance (right claw)
 t - an amulet of reflection (around neck)
Wands
 s - a wand of light (7)
 y - a wand of flame (10)
Scrolls
 e - 3 scrolls of enchant armour
 i - a scroll of identify
 j - 3 scrolls of vulnerability
 l - a scroll of poison {unknown}
 p - a scroll of amnesia {unknown}
 r - a scroll of summoning {unknown}
 v - a scroll of fear {unknown}
 A - a scroll of immolation {unknown}
 B - a scroll of enchant weapon {unknown}
 C - 2 scrolls of blinking
Potions
 c - 4 potions of might
 d - 3 potions of mutation
 f - 5 potions of flight
 g - a potion of resistance
 h - 2 potions of berserk rage
 k - 2 potions of brilliance
 o - 3 potions of magic
 q - 2 potions of attraction
 u - a potion of ambrosia {unknown}
 w - 2 potions of curing
 x - a potion of heal wounds {unknown}
 z - a potion of lignification {unknown}


   Skills:
 + Level 6.9 Fighting
 + Level 4.7 Dodging
 + Level 7.6 Shields
 * Level 11.1 Unarmed Combat


You had 9 spell levels left.
You didn't know any spells.
Your spell library contained the following spells:

 Spells                   Type           Power      Damage    Failure   Level
 Magic Dart               Conj           0%         1d3       65%         1
 Call Imp                 Summ           0%         N/A       78%         2
 Sublimation of Blood     Necr           0%         N/A       78%         2
 Wereblood                Tmut           0%         N/A       78%         2
 Conjure Flame            Conj/Fire      0%         6-21      95%         3
 Ignite Poison            Fire/Tmut/Pois 0%         N/A       95%         3
 Mephitic Cloud           Conj/Pois/Air  0%         N/A       95%         3
 Sticky Flame             Conj/Fire      0%         2d3       100%        4
 Summon Hydra             Summ           0%         N/A       100%        7


Dungeon Overview and Level Annotations

Branches:
Dungeon (8/15)             Temple (1/1) D:5          Bailey (visited)
   Lair: D:8-11

Altars:
Ashenzari
Cheibriados
Dithmenos
Elyvilon
Fedhas
Gozag
Kikubaaqudgha
Makhleb
Okawaru
Qazlal
Ru
Sif Muna
Trog
Uskayaw
Vehumet
Wu Jian
Xom
Yredelemnul
Zin
The Shining One

Shops:
D:4 ((   D:5 (?   D:8 *

Annotations:
Temple 2 transporters


Innate Abilities, Weirdness & Mutations

You are too large for most types of armour.
You have claws for hands.
Your natural rate of healing is unusually fast.
You are covered in fur. (AC +1)
You have tough skin. (AC +1)


Message History

The meliai hits you with a +0 hand axe! You block the meliai's attack.
The meliai invokes the aid of its god against you.
Something smites you!
You miss the meliai.
The meliai is heavily wounded.
The meliai hits you with a +0 hand axe! You block the meliai's attack.
The meliai mumbles some strange prayers to its god against you.
Something smites you!
You closely miss the meliai.
The meliai is heavily wounded.
The meliai invokes the aid of its god against you.
Something smites you! You block the meliai's attack. x2
You mangle the meliai!!
You kill the meliai!
The Council accepts your kill.
Things that are here:
a +0 hand axe; a +0 leather armour You claw the komodo dragon!
The komodo dragon is moderately wounded.
The komodo dragon closely misses you.
You scratch the komodo dragon but do no damage.
The komodo dragon is moderately wounded.
You block the komodo dragon's attack.
You barely miss the komodo dragon.
The komodo dragon is moderately wounded.
You block the komodo dragon's attack.
You mangle the komodo dragon!!
The komodo dragon is severely wounded.
The komodo dragon bites you!
* * * LOW HITPOINT WARNING * * *
You scratch the komodo dragon but do no damage.
The komodo dragon is severely wounded.
The komodo dragon closely misses you.
You completely miss the komodo dragon.
The komodo dragon is severely wounded.
You block the komodo dragon's attack.
You barely miss the komodo dragon.
The komodo dragon is severely wounded.
The komodo dragon bites you!!
You die...

....y##.........####
...Jl..............#######
#
#########......)##)#.....#
# # ###......#)#.###.# # #
#....).#.#..<#.# #### .
#....).#.#####.# ##... .
####...#.......# ##.... .#
#[l#######..###..... #J
##.@..####..##...... y
##..........#.#....
#....###...#.#.... #....#
#...>.#.... #....#
#..#.##.... #....#
#..#.###### #....# #..#.#
#....# #..#.# #....#
#..#.######


You could see a komodo dragon.

Vanquished Creatures
  Pikel (D:4)
  Maurice (D:8)
  A meliai (D:8)
  Grinder (D:6)
  12 yaks
  A wyvern (D:6)
  2 steam dragons
  Edmund (D:6)
  A water moccasin (D:5)
  An acid dragon (D:7)
  An orc warrior (D:6)
  2 black bears
  A sky beast (D:6)
  2 ogres (D:6)
  2 centaurs
  A lemure (D:4)
  2 kobold brigands
  A gnoll sergeant (D:6)
  Blork the orc (D:6)
  2 bullfrogs (D:7)
  A necrophage (D:6)
  5 killer bees (D:7)
  5 howler monkeys
  2 jellies (D:6)
  4 hounds
  4 orc priests
  2 gnoll boudas (D:6)
  3 iguanas
  Natasha (twice) (D:4)
  8 orc wizards
  18 gnolls
  4 adders
  2 shadow imps
  4 ufetubi
  2 worms (D:3)
  5 dart slugs
  38 orcs
  4 ball pythons
  4 bats
  5 bat zombies (D:3)
  4 endoplasms
  4 giant cockroaches (D:1)
  10 goblins
  10 hobgoblins
  3 quokkas
  2 frilled lizards
  14 kobolds
  5 rats
  2 rat zombies (D:3)
213 creatures vanquished.

Notes
Turn   | Place    | Note
-------+----------+-------------------------------------------
     0 | D:1      | LustLizard the Troll Fighter began the quest for the Orb.
     0 | D:1      | Reached XP level 1. HP: 22/22 MP: 0/0
    77 | D:1      | Reached XP level 2. HP: 29/29 MP: 1/1
    84 | D:1      | Found a faded altar of an unknown god.
   518 | D:2      | Reached XP level 3. HP: 36/36 MP: 2/2
   860 | D:2      | Reached skill level 3 in Unarmed Combat
  1481 | D:3      | Reached XP level 4. HP: 40/44 MP: 3/3
  1735 | D:3      | Found a blossoming altar of Fedhas.
  1765 | D:3      | Reached XP level 5. HP: 53/53 MP: 4/4
  1850 | D:3      | Reached skill level 4 in Unarmed Combat
  1927 | D:3      | Found an ancient bone altar of Kikubaaqudgha.
  2116 | D:4      | Reached XP level 6. HP: 55/61 MP: 5/5
  2336 | D:4      | Reached skill level 5 in Unarmed Combat
  2538 | D:4      | Found Wikah's Firing Range.
  2600 | D:4      | Noticed Natasha
  2610 | D:4      | Killed Natasha
  2708 | D:4      | Noticed Natasha
  2720 | D:4      | Killed Natasha
  2778 | D:4      | Noticed Pikel
  2803 | D:4      | Killed Pikel
  2804 | D:4      | Reached skill level 6 in Unarmed Combat
  2804 | D:4      | Reached XP level 7. HP: 19/71 MP: 6/6
  2948 | D:4      | Found Jouppueh's Weapon Shoppe.
  3069 | D:5      | Entered Level 5 of the Dungeon
  3234 | D:5      | Found a staircase to the Ecumenical Temple.
  3248 | Temple   | Entered the Ecumenical Temple
  3248 | Temple   | Found a transporter.
  3248 | Temple   | Found a transporter.
  3250 | Temple   | Found a transporter.
  3250 | Temple   | Found a transporter.
  3274 | Temple   | Became a worshipper of the Wu Jian Council
  3325 | D:5      | Found Viharec's Antique Weapon Shoppe.
  3441 | D:5      | Reached skill level 5 in Shields
  3441 | D:5      | Reached XP level 8. HP: 74/79 MP: 7/7
  3607 | D:5      | Reached skill level 7 in Unarmed Combat
  3619 | D:5      | Reached skill level 5 in Fighting
  3630 | D:5      | Reached skill level 8 in Unarmed Combat
  3874 | D:5      | Found Yckiegg's Magic Scroll Shoppe.
  4032 | D:6      | Noticed Edmund
  4042 | D:6      | Killed Edmund
  4043 | D:6      | Reached XP level 9. HP: 54/88 MP: 8/8
  4220 | D:6      | Reached skill level 9 in Unarmed Combat
  4268 | D:6      | Noticed Blork the orc
  4268 | D:6      | Reached * piety under Wu Jian
  4271 | D:6      | Noticed Grinder
  4272 | D:6      | Paralysed by Grinder for 3 turns
  4285 | D:6      | Killed Blork the orc
  4308 | D:6      | Killed Grinder
  4689 | D:6      | Reached skill level 10 in Unarmed Combat
  4842 | D:7      | Reached ** piety under Wu Jian
  4940 | D:7      | Found a flagged portal.
  4980 | D:7      | Reached XP level 10. HP: 76/100 MP: 9/9
  5010 | D:7      | Identified the +1 ring mail "Ikeaxt" {Drain rPois rCorr}
  5049 | Bailey   | Entered a bailey
  5147 | Bailey   | Noticed an orc knight
  5775 | D:8      | Found Koufil's General Store.
  5921 | D:8      | Noticed Maurice
  5933 | D:8      | Killed Maurice
  5934 | D:8      | Reached skill level 11 in Unarmed Combat
  6011 | D:8      | Slain by a komodo dragon (shapeshifter)

Illustrated notes

Levels and vault maps discovered:
D:1:      beargit_arrival_diablo_church, layout_rooms, basic_ecumenical_altar
D:2:      layout_loops_corners, nicolae_underground_beach
D:3:      layout_rooms, lemuel_zombie_altar_kikubaaqudgha,
          mainiacjoe_overflow_24_doors, amethyst_killhole
D:4:      layout_basic, serial_shops, nicolae_lakefront_shop,
          nicolae_shop_firing_range, uniq_natasha, uniq_pikel
D:5:      layout_basic, minmay_temple_entry_metal_lava, serial_shops,
          nicolae_shop_statue_plus, shop
D:6:      kennysheep_six_static_rooms, layout_loops_ring, nrook_mini_backslash,
          minmay_checkerbox, uniq_blork_the_orc, uniq_edmund, uniq_grinder
D:7:      layout_rooms, enter_bailey_5
D:8:      minmay_blocky_corners, layout_basic, serial_shops, shop, uniq_maurice
Temple:   hellmonk_temple_divided_pantheon

Skill      XL: |  1  2  3  4  5  6  7  8  9 10 |
---------------+-------------------------------+-----
Shields        | 3 4 5 6 7 |  7.6
Unarmed Combat | 3 4 6 8 10 11 | 11.1
Fighting       | 3 4 5 6 |  6.9
Dodging        | 3 4 |  4.7

Action                   |  1- 3 |  4- 6 |  7- 9 | 10-12 || total
-------------------------+-------+-------+-------+-------++-------
Melee: Unarmed           |    89 |   178 |   270 |   152 ||   689
Invok: Lunge             |       |       |    21 |    16 ||    37
       Whirlwind         |       |       |    19 |     6 ||    25
  Use: Scroll            |     1 |       |     4 |     6 ||    11
 Stab: Sleeping          |     1 |       |       |     1 ||     2
Armor: Robe              |    23 |    54 |    35 |    15 ||   127
Dodge: Dodged            |    20 |    59 |    57 |    47 ||   183
Block: Kite shield       |    24 |    90 |   156 |   104 ||   374
       Reflection        |       |       |     6 |     2 ||     8
